 Dungeon Crawl Stone Soup version 0.30-a0-738-g116ff8c4af (console) character file.

Game seed: 11784671160389652105

645079 rlgrobin the Imperceptible (level 27, -4/215 HPs)
             Began as a Demonspawn Delver on Feb 3, 2023.
             Was the Champion of Dithmenos.
             Slain by a reaper
             ... wielding a +1 scythe of flaming
              (42 damage)
             ... in the Vestibule of Hell on Feb 4, 2023.
             The game lasted 04:44:35 (79970 turns).

rlgrobin the Imperceptible (Demonspawn Delver)     Turns: 79970, Time: 04:44:36

Health: -4/215     AC: 14    Str: 16    XL:     27
Magic:  43/43      EV: 47    Int: 22    God:    Dithmenos [******]
Gold:   8065       SH:  8    Dex: 34    Spells: 24/58 levels left

rFire   + . .      SeeInvis +    a - +9 rapier {spect, Drain rC+++ Dex+4}
rCold   + + +      Faith    .    (no shield)
rNeg    + . .      Spirit   .    X - +3 leather armour {rC+ rF+}
rPois   .          Reflect  .    s - +3 crown of Dyrovepreva {rElec Int+2 SInv}
rElec   +          Harm     .    t - +2 cloak of Noig {Dex+5 SInv}
rCorr   .          Rampage  .    (gloves unavailable)
Will    +++..                    i - +2 pair of slick slippers {slick, slippery, EV+5} Stlth *******+++
                                 j - amulet of the Dragon {RegenMP rElec rN+ Str-3 Int+3}
HPRegen 0.55/turn                J - ring "Tyvecujuwu" {Str+2 Dex+6}
MPRegen 0.68/turn                N - +5 ring of evasion

@: slowed, wreathed by umbra, studying Fire Magic, very slow
A: large bone plates 3, hurl damnation, spiny 3, torment resistance 1, demonic
magic 3, demonic willpower, demonic touch 3, clumsy 1, electricity resistance,
strong 1, MP-powered wands
}: 4/15 runes: decaying, serpentine, slimy, silver
a: Hurl Damnation, Renounce Religion, Shadow Step, Shadow Form


You were in the Vestibule of Hell.
You worshipped Dithmenos.
Dithmenos was exalted by your worship.
You visited 12 branches of the dungeon, and saw 52 of its levels.
You visited the Abyss 1 time.
You visited 1 bazaar.
You also visited: Sewer, Gauntlet and Ice Cave.

You collected 11031 gold pieces.
You spent 2966 gold pieces at shops.

Inventory:

Hand Weapons
 a - the +9 rapier "Oschyisie" (weapon) {spect, Drain rC+++ Dex+4}
   (You acquired it on level 3 of the Crypt)

   Dex:       It affects your dexterity (+4).
   rC:        It renders you almost immune to cold.
   Drain:     It drains your maximum health when unequipped.
 b - the +12 pair of quick blades "Gyre" and "Gimble" {protect}
   (You took it off a deep elf annihilator on level 3 of the Elven Halls)
 x - a +6 quick blade of protection
 I - a +4 dagger of chaos
Missiles
 k - 9 curare-tipped darts (quivered)
 A - 2 throwing nets
Armour
 i - the +2 pair of slick slippers (worn) {slick, slippery, EV+5}
   (You bought it in a shop on level 1 of the Snake Pit)

   Slick:     Its wearer cannot be constricted, engulfed, netted or webbed.
   Slippery:  It slips away from damaging melee attacks, pulling the attacker
   onward.
   EV:        It affects your evasion (+5).
 s - the +3 crown of Dyrovepreva (worn) {rElec Int+2 SInv}
   (You found it on level 1 of the Depths)

   Int:       It affects your intelligence (+2).
   rElec:     It insulates you from electricity.
   SInv:      It lets you see invisible.
 t - the +2 cloak of Noig (worn) {Dex+5 SInv}
   (You found it on level 2 of the Dungeon)

   Dex:       It affects your dexterity (+5).
   SInv:      It lets you see invisible.
 X - a +3 leather armour of resistance (worn)
Jewellery
 h - the ring of Xiyciam {Fly rF+ Slay+2 SInv Stlth+}
   (You found it on level 14 of the Dungeon)

   [ring of flight]

   Slay:      It affects your accuracy & damage with ranged weapons and melee
   (+2).
   rF:        It protects you from fire.
   SInv:      It lets you see invisible.
   Fly:       It grants you flight.
   Stlth:     It makes you more stealthy.
 j - the amulet of the Dragon (around neck) {RegenMP rElec rN+ Str-3 Int+3}
   (You found it on level 11 of the Dungeon)

   [amulet of magic regeneration]

   It increases your rate of magic regeneration.
   Str:       It affects your strength (-3).
   Int:       It affects your intelligence (+3).
   rElec:     It insulates you from electricity.
   rN:        It protects you from negative energy.
 p - a ring of poison resistance
 w - a ring of resist corrosion
 J - the ring "Tyvecujuwu" (left hand) {Str+2 Dex+6}
   (You acquired it on level 10 of the Dungeon)

   [ring of dexterity]

   Str:       It affects your strength (+2).
   Dex:       It affects your dexterity (+6).
 L - the ring of Padait {rC+ Str+7 Int+3}
   (You found it on level 3 of the Crypt)

   [ring of protection from cold]

   Str:       It affects your strength (+7).
   Int:       It affects your intelligence (+3).
   rC:        It protects you from cold.
 N - a +5 ring of evasion (right hand)
 Y - an amulet of regeneration
Wands
 g - a wand of digging (12)
 l - a wand of paralysis (41)
 v - a wand of roots (25)
 G - a wand of acid (20)
 K - a wand of polymorph (21)
 P - a wand of flame (128)
Scrolls
 c - 14 scrolls of fog
 e - 8 scrolls of fear
 y - 13 scrolls of amnesia
 C - 11 scrolls of vulnerability
 D - 11 scrolls of blinking
 O - 9 scrolls of magic mapping
 T - 43 scrolls of identify
 W - 3 scrolls of silence
Potions
 d - 8 potions of magic
 m - 5 potions of resistance
 n - 3 potions of invisibility
 o - a potion of brilliance
 r - 8 potions of might
 u - 15 potions of curing
 E - 7 potions of cancellation
 F - 7 potions of heal wounds
 H - 6 potions of flight
Miscellaneous
 f - the horn of Geryon
 q - a phantom mirror (inert)
 U - a box of beasts


   Skills:
 - Level 17.6 Fighting
 - Level 13.3 Short Blades
 - Level 20.3 Dodging
 - Level 21.0 Stealth
 - Level 16.1 Spellcasting
 - Level 20.2 Hexes
 - Level 5.7 Translocations
 - Level 14.6 Invocations
 + Level 16.0 Evocations


You had 24 spell levels left.
You knew the following spells:

 Your Spells              Type           Power      Damage    Failure   Level
a - Ensorcelled Hibernat  Hex/Ice        100%       N/A       1%          2
b - Confusing Touch       Hex            82%        N/A       0%          3
c - Apportation           Tloc           86%        N/A       1%          1
d - Cause Fear            Hex            41%        N/A       0%          4
e - Passwall              Tmut/Erth      14%        N/A       6%          2
f - Blink                 Tloc           86%        N/A       1%          2
g - Enfeeble              Hex            41%        N/A       1%          7
h - Yara's Violent Unrav  Hex/Tmut       29%        3d12      1%          5
i - Discord               Hex            41%        N/A       6%          8

Your spell library contained the following spells:

 Spells                   Type           Power      Damage    Failure   Level
 Slow                     Hex            100%       N/A       0%          1
 Tukima's Dance           Hex            82%        N/A       0%          3
 Lesser Beckoning         Tloc           86%        N/A       1%          2
 Momentum Strike          Conj/Tloc      60%        3d9       1%          2
 Dazzling Flash           Conj/Hex       100%       N/A       1%          3
 Gell's Gravitas          Tloc           43%        N/A       1%          3
 Inner Flame              Hex/Fire       58%        N/A       1%          3
 Summon Guardian Golem    Hex/Summ       58%        N/A       1%          3
 Teleport Other           Tloc           43%        N/A       1%          3
 Anguish                  Hex/Necr       29%        N/A       1%          4
 Leda's Liquefaction      Hex/Erth       29%        N/A       1%          4
 Metabolic Englaciation   Hex/Ice        29%        N/A       1%          5
 Summon Mana Viper        Hex/Summ       58%        N/A       1%          5
 Vhi's Electric Charge    Tloc/Air       60%        N/A       3%          3
 Foxfire                  Conj/Fire      68%        2x1d7     4%          1
 Freeze                   Ice            68%        1d8       4%          1
 Necrotise                Necr           68%        1d7       4%          1
 Sting                    Tmut/Pois      68%        1d6       4%          1
 Summon Small Mammal      Summ           68%        N/A       4%          1
 Kindle Blastsparks       Fire/Tloc/Air  52%        2d14      5%          3
 Cigotuvi's Dreadful Rot  Necr/Pois/Air  34%        N/A       6%          2
 Poisonous Vapours        Pois/Air       34%        N/A       6%          2
 Static Discharge         Conj/Air       34%        2-4/arc   6%          2
 Sublimation of Blood     Necr           17%        N/A       6%          2
 Wereblood                Tmut           17%        N/A       6%          2
 Call Canine Familiar     Summ           17%        N/A       12%         3
 Frozen Ramparts          Ice            34%        1d6       12%         3
 Hailstorm                Conj/Ice       17%        3d6       12%         3
 Mephitic Cloud           Conj/Pois/Air  17%        N/A       12%         3
 Spider Form              Tmut/Pois      17%        N/A       12%         3
 Stone Arrow              Conj/Erth      34%        3d9       12%         3
 Swiftness                Air            17%        N/A       12%         3
 Vampiric Draining        Necr           17%        2d7       12%         3
 Iskenderun's Mystic Bla  Conj/Tloc      30%        2d8       12%         4
 Summon Forest            Summ/Tloc      15%        N/A       32%         5
 Airstrike                Air            8%         2d(2-18)  36%         4
 Animate Armour           Summ/Erth      34%        N/A       36%         4
 Animate Dead             Necr           17%        N/A       36%         4
 Flame Wave               Conj/Fire      17%        2d7       36%         4
 Ice Form                 Ice/Tmut       17%        N/A       36%         4
 Olgreb's Toxic Radiance  Pois           17%        N/A       36%         4
 Petrify                  Tmut/Erth      17%        N/A       36%         4
 Sticky Flame             Conj/Fire      17%        2d4       36%         4
 Summon Lightning Spire   Summ/Air       17%        N/A       36%         4
 Dispersal                Tloc           21%        N/A       50%         6
 Alistair's Intoxication  Tmut/Pois      11%        N/A       73%         5
 Arcjolt                  Conj/Air       8%         1d18      73%         5
 Borgnjor's Vile Clutch   Necr/Erth      8%         N/A       73%         5
 Irradiate                Conj/Tmut      8%         3d14      73%         5
 Lee's Rapid Deconstruct  Erth           8%         3d7*      73%         5
 Lightning Bolt           Conj/Air       8%         1d21      73%         5
 Conjure Ball Lightning   Conj/Air       8%         3x3d6     99%         6
 Death Channel            Necr           8%         N/A       99%         6
 Simulacrum               Ice/Necr       8%         N/A       99%         6
 Starburst                Conj/Fire      8%         6d4       99%         6
 Statue Form              Tmut/Erth      11%        N/A       99%         6
 Summon Cactus Giant      Summ           8%         N/A       99%         6
 Monstrous Menagerie      Summ           8%         N/A       100%        7
 Ozocubu's Refrigeration  Ice            8%         4d9       100%        7
 Storm Form               Tmut/Air       8%         N/A       100%        7
 Summon Hydra             Summ           8%         N/A       100%        7
 Disjunction              Tloc           21%        N/A       100%        8
 Lehudib's Crystal Spear  Conj/Erth      8%         10d4      100%        8
 Maxwell's Capacitive Co  Air            8%         ∞         100%        8
 Necromutation            Tmut/Necr      8%         N/A       100%        8


Dungeon Overview and Level Annotations

Branches:
Dungeon (15/15)            Temple (1/1) D:5            Lair (5/5) D:10
  Swamp (4/4) Lair:3        Snake (4/4) Lair:2        Slime (5/5) Lair:4
    Orc (2/2) D:11            Elf (3/3) Orc:2        Vaults (5/5) D:14
  Crypt (3/3) Vaults:3       Tomb (0/3) Crypt:3      Depths (4/4) D:15
   Hell (1/1)                 Geh (0/7) Hell            Zot (0/5) Depths:4
  Sewer (visited)           IceCv (visited)         Gauntlet (visited)
    Dis: Hell:1         Coc: Hell:1         Tar: Hell:1

Altars:
Ashenzari
Cheibriados
Dithmenos
Fedhas
Gozag
Hepliaklqana
Kikubaaqudgha
Makhleb
Nemelex Xobeh
Okawaru
Qazlal
Ru
Sif Muna
Trog
Uskayaw
Vehumet
Wu Jian
Xom
Yredelemnul
Jiyva

Shops:
D:6 *   D:7 *=[(   D:8 **   D:10 *   D:11 **   D:14 (   Orc:2 !![:   Elf:3 =
Snake:1 =(([[*?[   Snake:4 !   Depths:1 *

Portals:
Hell: Depths:1 Depths:2 Depths:3 Depths:4
Abyss: Depths:3 Depths:4
Pandemonium: Orc:2 Depths:2 Depths:3
Ziggurat: Depths:2

Annotations:
D:14 exclusion: ice statue
Elf:2 3 runed translucent doors


Innate Abilities, Weirdness & Mutations

You are completely covered in large bone plates. (SH +8)
You can hurl damnation.
You are completely covered in sharp spines.
You are resistant to unholy torment.
Spells you cast and wands you use may paralyse nearby enemies.
You punish those that try to bend your will. (Will+)
Your touch may irresistibly damage your foes and sap their willpower.
You are clumsy. (Dex -2)
You are resistant to electric shocks. (rElec)
Your muscles are strong. (Str +4, Int/Dex -1)
You expend magic power (3 MP) to strengthen your wands.


Message History

The five-headed hydra zombie bites your +9 rapier "Oschyisie" {spect, Drain rC+++ Dex+4}.
Your spectral weapon shares its damage with you!
* * * LOW HITPOINT WARNING * * *
The five-headed hydra zombie bites your +9 rapier "Oschyisie" {spect, Drain rC+++ Dex+4}!
Your spectral weapon shares its damage with you!
* * * LOW HITPOINT WARNING * * *
You feel much better.
A hell knight comes into view.
It is wielding a +3 demon whip of draining.
The reaper completely misses you.
The ice dragon is struck by your spines.
The ice dragon closely misses you. You block the ice dragon's attack.
The ice dragon completely misses you. The reaper completely misses you.
The ice dragon bites you.
* * * LOW HITPOINT WARNING * * *
You slip backwards!
You impale the ice dragon!!
The ice dragon is heavily wounded.
Your +9 rapier "Oschyisie" {spect, Drain rC+++ Dex+4} hits the ice dragon but does no damage.
You catch the helpless ice dragon completely off-guard!
You perforate the ice dragon like a sieve!!!!
You kill the ice dragon!
Dithmenos accepts your kill.
A putrid mouth comes into view.
An iron troll comes into view.
Aiming: Phantom Mirror
Press: ? - help, Dir - move target, f - reaper
Aim: a reaper, wielding a +1 scythe of flaming (umbra)
You reflect the reaper with the mirror!
The mirror clouds!
The reaper misses you.
Your reaper hits the five-headed hydra zombie with a +1 scythe of flaming!!
Your reaper burns the five-headed hydra zombie.
The five-headed hydra zombie barely misses your reaper.
The five-headed hydra zombie bites your reaper but does no damage. x2
The five-headed hydra zombie bites your reaper.
The five-headed hydra zombie bites your reaper!
Your reaper hits the five-headed hydra zombie with a +1 scythe of flaming!
Your reaper chops one of the five-headed hydra zombie's heads off!
Your reaper burns the four-headed hydra zombie.
The hell knight misses you.
The reaper hits you from afar with a +1 scythe of flaming!!!
You die...

.#. ....... .......
................
................##
.................###### # .
................W.#§#§#.#..
≈...............p.[§§Z.........
≈≈§.............@2Z§§§.........
≈≈≈.............§§2§...........
###≈...........................
..##≈..........................
...##§..)........................
....#≈≈........................W.
....#≈≈≈..........#...§.#........
...####≈≈........##T..§§##.......
.##'..##≈§......##....)W.##..3...


You could see an iron troll, a reaper, a putrid mouth, a hell knight, a
four-headed hydra zombie (distracted, ally target) and a friendly reaper
(summoned, drained).

Vanquished Creatures
  the Royal Jelly (Slime:5)
  An ancient lich (Vaults:5)
  Sojobo (Crypt:1)
  A royal mummy (Crypt:2)
  Boris (Depths:3)
  Josephina (Depths:3)
  Frederick (Vaults:2)
  Margery (Depths:3)
  Saint Roka (Depths:3)
  Geryon (Hell)
  2 golden dragons
  Xtahua (Depths:3)
  Vashnia (Snake:3)
  4 caustic shrikes (Depths:4)
  the Enchantress (Depths:2)
  A bone dragon (Depths:4)
  The ghost of caveywoolpert the Scorcher, an adept DsEE of Vehumet (Vaults:3)
  An iron giant (shapeshifter) (Vaults:5)
  4 tentacled monstrosities
  Rupert (Lair:3)
  Zenata (Elf:2)
  A walking crystal tome (Depths:4)
  2 quicksilver dragons
  9 titans
  A deep elf blademaster (Elf:3)
  A deep elf master archer (Elf:3)
  5 liches
  A walking frostbound tome (Depths:4)
  17 acid blobs
  8 sphinxes
  Gastronok (Orc:1)
  6 ancient champions
  10 tengu reavers
  3 storm dragons
  Agnes (Snake:3)
  2 fenstrider witches
  4 shadow dragons
  3 revenants
  12 azure jellies
  11 fire giants
  Donald (Elf:1)
  3 nagarajas (Snake:4)
  A draconian knight (Depths:4)
  An iron dragon (shapeshifter) (Depths:3)
  3 iron dragons
  10 rockslimes
  5 frost giants
  9 deep elf sorcerers
  3 balrugs
  Louise (Elf:2)
  2 caustic shrike zombies
  9 vault wardens
  A draconian stormcaller (Depths:4)
  4 orc warlords
  A draconian annihilator (Depths:4)
  5 reapers
  4 curse skulls
  Aizul (Elf:3)
  11 ironbound preservers
  A caustic shrike skeleton (Crypt:2)
  5 ironbound thunderhulks
  6 spriggan defenders (Depths:3)
  3 deep elf elementalists (Elf:3)
  19 ghouls
  11 stone giants
  5 war gargoyles
  Nessos (Lair:3)
  12 quicksilver oozes
  A green draconian (Depths:4)
  13 very ugly things
  5 eleionomae
  9 vampire knights
  2 putrid mouths (Hell)
  12 deep elf annihilators
  8 deep elf demonologists
  6 spark wasps (Depths:2)
  A white draconian (Depths:4)
  4 bunyips
  A lorocyproca (Depths:1)
  A minotaur (Gauntlet)
  A purple draconian (Depths:4)
  A red draconian (Depths:4)
  14 dire elephants
  4 blizzard demons
  6 eidola
  9 ettins
  A merfolk javelineer (Depths:4)
  6 mummy priests (Crypt:3)
  6 deep elf death magi
  16 jiangshi
  5 fire dragons
  2 entropy weavers
  12 deep elf high priests
  2 crystal guardians
  16 yaktaur captains
  2 shambling mangroves (Swamp:4)
  2 spriggan zombies
  9 great orbs of eyes
  9 vault guards
  12 ice dragons
  A fenstrider witch zombie (Crypt:2)
  2 salamander tyrants (Snake:4)
  4 peacekeepers
  8 spriggan air magi
  3 demonspawn (Orc:2)
  A hell beast (Hell)
  2 catoblepae
  3 ghost crabs
  25 hydras
  10 centaur warriors
  A bennu zombie (Crypt:2)
  10 anacondas
  A bennu skeleton (Crypt:2)
  4 deep troll earth magi
  3 ogre magi
  12 two-headed ogres
  9 boulder beetles
  3 death knights (Crypt:1)
  2 deep troll shamans
  7 ironbound frosthearts
  4 orc high priests
  7 vampire magi
  2 death yaks (Lair:5)
  13 naga warriors
  20 dancing weapons
  12 spriggan berserkers
  13 tengu warriors
  8 hell hogs
  10 alligators
  A titan zombie (Crypt:2)
  20 naga sharpshooters
  A quicksilver ooze zombie (Crypt:1)
  10 shock serpents
  Sonja (D:12)
  11 soul eaters
  13 hell knights
  A storm dragon zombie (Hell)
  A titan skeleton (Crypt:1)
  39 skeletal warriors
  11 deep elf knights
  6 goliath frogs
  10 sun demons
  8 iron trolls
  A sea snake (Snake:1)
  4 shadow wraiths
  2 salamander mystics (Snake:4)
  A sixfirhy (Depths:2)
  A death drake (shapeshifter) (Elf:3)
  7 flayed ghosts
  10 glowing orange brains
  16 swamp dragons
  24 bog bodies
  32 deep trolls
  An orb spider (shapeshifter) (D:14)
  4 spriggan druids
  20 wizards
  13 phantasmal warriors
  8 naga ritualists
  20 orc knights
  11 deep elf archers
  A fenstrider witch simulacrum (Crypt:1)
  7 necromancers
  4 lindwurms
  An anaconda skeleton (Hell)
  A bunyip skeleton (Crypt:1)
  5 harpies
  38 deep elf pyromancers
  11 ironbound convokers
  3 cyclopes
  33 ugly things
  2 human zombies (Vaults:2)
  26 deep elf zephyrmancers
  14 orc sorcerers
  10 mana vipers
  7 shining eyes
  10 will-o-the-wisps
  13 salamanders
  10 manticores
  A rust devil (Depths:2)
  An eleionoma skeleton (Crypt:1)
  An elf zombie (Vaults:2)
  21 vault sentinels
  A demonic crawler (Hell)
  An iron dragon skeleton (Crypt:2)
  5 guardian serpents
  16 naga magi
  8 smoke demons
  17 elephants
  An alligator snapping turtle zombie (Crypt:3)
  39 black mambas
  3 ice statues
  3 orange demons
  2 stone giant skeletons
  3 molten gargoyles (Hell)
  2 torpor snails
  2 eyes of devastation
  6 komodo dragons
  A cane toad (shapeshifter) (D:13)
  30 cane toads
  A gargoyle (D:9)
  3 unseen horrors
  2 dire elephant skeletons
  2 centaur skeletons
  27 yaktaurs
  Psyche (D:10)
  6 tengu conjurers
  A kobold demonologist (D:12)
  A rime drake (Lair:1)
  4 ice devils
  A komodo dragon (shapeshifter) (Depths:2)
  An anaconda simulacrum (Hell)
  9 freezing wraiths
  An iron troll zombie (Crypt:1)
  A bunyip simulacrum (Crypt:1)
  An ancient zyme (Abyss:3)
  36 guardian mummies
  8 trolls
  10 tyrant leeches
  2 red devils (Depths:2)
  3 polar bears (Lair:5)
  A meliai (shapeshifter) (D:14)
  4 hellwings
  A bloated husk (Swamp:1)
  15 hornets
  A hydra skeleton (Hell)
  A culicivora zombie (Crypt:1)
  2 ettin zombies
  24 blink frogs
  A jumping spider (Vaults:3)
  111 slime creatures
  A snapping turtle (shapeshifter) (Depths:1)
  An alligator zombie (Hell)
  7 dream sheep
  2 centaur simulacra
  A culicivora (shapeshifter) (D:14)
  A wyvern (shapeshifter) (Depths:4)
  3 air elementals (Elf:2)
  2 vampires
  An alligator skeleton (Hell)
  5 flying skulls (Gauntlet)
  12 spriggans
  16 water elementals
  5 wyverns
  8 ushabtiu
  A shadow (D:10)
  16 wraiths
  38 yaks
  A steam dragon (D:7)
  2 fire elementals (Elf:2)
  2 redbacks (Vaults:3)
  A black mamba skeleton (Crypt:1)
  8 vampire mosquitoes
  A chaos spawn (Depths:2)
  11 golden eyes
  A wind drake skeleton (Crypt:3)
  A yaktaur simulacrum (Vaults:3)
  5 basilisks
  5 wargs
  A glowing shapeshifter zombie (Crypt:2)
  A deep troll zombie (Abyss:3)
  A merfolk zombie (Crypt:2)
  A harpy simulacrum (Hell)
  43 nagas
  A merfolk skeleton (Crypt:1)
  8 swamp worms
  7 water moccasins
  A deep troll skeleton (Crypt:2)
  37 orc warriors
  10 swamp drakes
  An ice beast (shapeshifter) (Depths:3)
  A black bear (D:6)
  9 hell hounds
  A meliai simulacrum (Gauntlet)
  A floating eye (Depths:4)
  An alligator simulacrum (Hell)
  5 boggarts (Vaults:2)
  2 ice beasts
  An ettin simulacrum (Crypt:2)
  7 ogres
  3 great orb of eyes simulacra (IceCv)
  A swamp dragon zombie (Crypt:1)
  18 wolves
  23 centaurs
  6 slime creature simulacra (IceCv)
  17 bullfrogs
  5 kobold brigands
  A scorpion (D:5)
  4 glowing shapeshifter simulacra (IceCv)
  A cane toad simulacrum (Gauntlet)
  4 necrophages
  7 earth elementals
  A scorpion (shapeshifter) (Vaults:5)
  12 wights
  9 killer bees
  3 electric eels
  11 howler monkeys
  A quasit (Abyss:3)
  A wolf skeleton (Crypt:1)
  6 hounds
  A human simulacrum (Vaults:2)
  20 orc priests
  A gnoll bouda (D:4)
  Ijyb (D:3)
  A black bear skeleton (Crypt:3)
  4 iguanas
  A human skeleton (Crypt:2)
  14 orc wizards
  4 hell rats (Lair:5)
  An ogre zombie (Crypt:2)
  4 small abominations (Abyss:3)
  9 mummies (Crypt:3)
  8 gnolls
  A howler monkey skeleton (Crypt:3)
  2 river rats
  10 adders
  A steam dragon skeleton (Crypt:3)
  2 white imps
  3 ufetubi
  A lava snake zombie (Crypt:3)
  2 worms
  2 dart slugs
  73 orcs
  8 ball pythons
  9 endoplasms
  6 giant cockroaches
  5 goblins
  A hobgoblin (shapeshifter) (Vaults:5)
  5 hobgoblins
  7 jackals (D:1)
  21 kobolds
  A quokka (D:2)
  3 bats
  5 frilled lizards
  6 rats
2287 creatures vanquished.

Vanquished Creatures (collateral kills)
  A dread lich (Vaults:5)
  2 titans (Vaults:5)
  A sphinx (Vaults:5)
  An azure jelly (Slime:5)
  An iron dragon (Vaults:5)
  A stone giant (Vaults:5)
  A deep elf demonologist (Vaults:5)
  2 ettins (Vaults:5)
  19 vault guards (Vaults:5)
  3 ironbound convokers (Vaults:5)
  A vault sentinel (Vaults:5)
  An elephant (shapeshifter) (Vaults:5)
34 creatures vanquished.

Vanquished Creatures (others)
  An azure jelly (Slime:5)
  3 vault guards (Vaults:5)
  2 quicksilver dragon simulacra (Depths:3)
  2 storm dragon simulacra (Depths:3)
  3 yaktaurs (Vaults:4)
  3 bloated husks
  An iron dragon simulacrum (Depths:3)
  4 ettin simulacra (Depths:3)
  2 glowing shapeshifter simulacra (Depths:3)
  41 foxfires
  36 fungi
  79 plants
177 creatures vanquished.

Grand Total: 2498 creatures vanquished

Notes
Turn   | Place    | Note
-------+----------+-------------------------------------------
     0 | D:5      | rlgrobin the Demonspawn Delver began the quest for the Orb.
     0 | D:5      | Reached XP level 1. HP: 18/18 MP: 1/1
   216 | D:4      | Reached skill level 5 in Stealth
   216 | D:4      | Gained mutation: You are partially covered in sharp spines.
                  | [demonic ancestry]
   216 | D:4      | Reached XP level 2. HP: 12/24 MP: 2/2
   519 | D:1      | Gained mutation: You are partially covered in large bone
                  | plates. (SH +4) [demonic ancestry]
   519 | D:1      | Reached XP level 3. HP: 29/29 MP: 3/3
   664 | D:1      | Found a faded altar of an unknown god.
  1396 | D:2      | Identified the +2 cloak of Noig {Dex+5 SInv}
  1411 | D:2      | Reached skill level 6 in Stealth
  1411 | D:2      | Gained mutation: Your touch may inflict minor irresistible
                  | damage on your foes. [demonic ancestry]
  1411 | D:2      | Reached XP level 4. HP: 23/35 MP: 4/4
  1993 | D:3      | Noticed Ijyb
  1999 | D:3      | Killed Ijyb
  2000 | D:3      | Gained mutation: Your touch may inflict irresistible damage
                  | on your foes. [demonic ancestry]
  2000 | D:3      | Reached XP level 5. HP: 41/41 MP: 5/5
  2473 | D:4      | Gained mutation: You are mostly covered in large bone
                  | plates. (SH +6) [demonic ancestry]
  2473 | D:4      | Reached XP level 6. HP: 42/47 MP: 6/6
  3151 | D:5      | Noticed an ice beast
  3182 | D:5      | Killed an ice beast
  3240 | D:5      | Reached XP level 7. HP: 52/52 MP: 7/7
  3280 | D:6      | Reached skill level 5 in Dodging
  3310 | D:6      | Found Wicelik's Gadget Gallery.
  3420 | D:6      | Found a glowing drain.
  3433 | Sewer    | Entered a sewer
  3610 | Sewer    | Reached skill level 1 in Evocations
  3848 | D:6      | Reached XP level 8. HP: 58/58 MP: 8/8
  4039 | D:6      | Reached skill level 7 in Stealth
  4585 | D:5      | Found a staircase to the Ecumenical Temple.
  4593 | Temple   | Entered the Ecumenical Temple
  4878 | Temple   | Became a worshipper of Dithmenos the Shadowed
  4979 | D:5      | Reached skill level 8 in Stealth
  5324 | D:7      | Reached skill level 9 in Stealth
  5383 | D:7      | Found Pojo Zau's Armour Shop.
  5404 | D:7      | Reached XP level 9. HP: 38/63 MP: 9/9
  5567 | D:7      | Found Vuymn's Assorted Antiques.
  5567 | D:7      | Found Oroxair's Antique Weapon Shop.
  5567 | D:7      | Found Dussuk's Jewellery Shop.
  5601 | D:7      | Bought a +5 ring of evasion for 396 gold pieces
  5948 | D:8      | Found Piubu Yfeffo's Specific Store.
  5950 | D:8      | Found Moufuyla's General Store.
  5981 | D:8      | Reached * piety under Dithmenos
  6116 | D:8      | Noticed a four-headed hydra
  6119 | D:8      | Killed a four-headed hydra
  6120 | D:8      | Reached skill level 5 in Fighting
  6120 | D:8      | Reached skill level 5 in Short Blades
  6126 | D:8      | Noticed a cyan ugly thing
  6127 | D:8      | Noticed a cyclops
  6128 | D:8      | Killed a cyan ugly thing
  6133 | D:8      | Killed a cyclops
  6134 | D:8      | Reached XP level 10. HP: 77/77 MP: 10/10
  6263 | D:8      | Reached skill level 10 in Stealth
  6862 | D:9      | Noticed a gargoyle
  6899 | D:9      | Killed a gargoyle
  6900 | D:9      | Reached skill level 11 in Stealth
  7147 | D:10     | Entered Level 10 of the Dungeon
  7156 | D:10     | Found a staircase to the Lair.
  7193 | D:10     | Noticed a two-headed ogre
  7218 | D:10     | Killed a two-headed ogre
  7256 | D:10     | Reached ** piety under Dithmenos
  7257 | D:10     | Reached skill level 12 in Stealth
  7330 | D:10     | Reached skill level 1 in Invocations
  7365 | D:10     | Found Bianiw's General Store.
  7443 | D:10     | Noticed Psyche
  7456 | D:10     | Killed Psyche
  7808 | D:10     | Gained mutation: You are mostly covered in sharp spines.
                  | [demonic ancestry]
  7808 | D:10     | Reached XP level 11. HP: 68/83 MP: 12/14
  8033 | D:10     | Reached skill level 5 in Invocations
  8086 | D:10     | Identified a scroll of acquirement
  8086 | D:10     | Acquired the ring "Tyvecujuwu" {Str+2 Dex+6}
  8103 | D:10     | Reached skill level 15 in Stealth
  8103 | D:10     | Reached XP level 12. HP: 89/89 MP: 15/15
  8104 | D:10     | Reached skill level 16 in Stealth
  8104 | D:10     | Reached XP level 13. HP: 94/94 MP: 16/16
  8388 | D:11     | Found Xijysamy's General Store.
  8645 | D:11     | Identified the amulet of the Dragon {RegenMP rElec rN+
                  | Str-3 Int+3}
  8676 | D:11     | Found Buulautt's General Store.
  8842 | D:11     | Found a staircase to the Orcish Mines.
  8849 | D:11     | Reached *** piety under Dithmenos
  8984 | D:11     | Found a runed translucent door.
  9272 | Lair:1   | Entered Level 1 of the Lair of Beasts
  9314 | Lair:1   | Found a gate leading to a gauntlet.
  9343 | Gauntlet | Entered a Gauntlet
  9343 | Gauntlet | Found a transporter.
  9343 | Gauntlet | Found a large runed translucent door.
  9343 | Gauntlet | Found a large runed translucent door.
  9343 | Gauntlet | Found a large runed translucent door.
  9343 | Gauntlet | Found a large runed translucent door.
  9343 | Gauntlet | Found a runed translucent door.
  9343 | Gauntlet | Found a runed translucent door.
  9343 | Gauntlet | Found a large runed translucent door.
  9343 | Gauntlet | Found a large runed translucent door.
  9343 | Gauntlet | Found a large runed translucent door.
  9343 | Gauntlet | Found a large runed translucent door.
  9343 | Gauntlet | Found a large runed translucent door.
  9343 | Gauntlet | Found a large runed translucent door.
  9344 | Gauntlet | Found a large runed translucent door.
  9344 | Gauntlet | Found a large runed translucent door.
  9345 | Gauntlet | Found a large runed translucent door.
  9345 | Gauntlet | Found a large runed translucent door.
  9345 | Gauntlet | Found a large runed translucent door.
  9345 | Gauntlet | Found a large runed translucent door.
  9346 | Gauntlet | Found a runed translucent gate.
  9346 | Gauntlet | Found a runed translucent gate.
  9346 | Gauntlet | Found a runed translucent gate.
  9347 | Gauntlet | Found a transporter.
  9352 | Gauntlet | Found a transporter.
  9362 | Gauntlet | Found a transporter.
  9367 | Gauntlet | Found a transporter.
  9374 | Gauntlet | Found a transporter.
  9418 | Gauntlet | Found a transporter.
  9421 | Gauntlet | Found a transporter.
  9613 | Gauntlet | Found a transporter.
  9623 | Gauntlet | Identified the ring of Goexad {rC- rN+++ Str-5 Int+2 SInv}
  9626 | Gauntlet | Found a transporter.
  9640 | Gauntlet | Noticed a minotaur
  9655 | Gauntlet | Killed a minotaur
  9661 | Gauntlet | Got the Textbook on Energetic Calling
 10098 | Lair:1   | Reached **** piety under Dithmenos
 10642 | Lair:2   | Found a staircase to the Snake Pit.
 10975 | Lair:2   | Acquired 814 gold pieces
 11033 | Lair:2   | Reached skill level 5 in Evocations
 11485 | Lair:3   | Noticed Nessos
 11497 | Lair:3   | Killed Nessos
 11718 | Lair:3   | Noticed Rupert
 11721 | Lair:3   | Killed Rupert
 11905 | Lair:3   | Gained mutation: Your touch may irresistibly damage your
                  | foes and sap their willpower. [demonic ancestry]
 11905 | Lair:3   | Reached XP level 14. HP: 106/106 MP: 17/17
 11972 | Lair:3   | Found a staircase to the Swamp.
 12783 | Lair:4   | Reached skill level 10 in Dodging
 12816 | Lair:4   | Found a staircase to the Slime Pits.
 13157 | Lair:4   | Reached skill level 1 in Spellcasting
 13157 | Lair:4   | Reached skill level 1 in Hexes
 13239 | Lair:4   | Reached ***** piety under Dithmenos
 13812 | Lair:5   | Entered Level 5 of the Lair of Beasts
 14128 | Lair:5   | Reached skill level 5 in Hexes
 15046 | Lair:5   | Gained mutation: You punish those that try to bend your
                  | will. (Will+) [demonic ancestry]
 15046 | Lair:5   | Reached XP level 15. HP: 112/112 MP: 21/21
 15505 | Lair:5   | Identified the +7 glaive "Tupnonne" {heavy, rF+}
 15521 | Lair:5   | Identified the +3 arbalest of Qiman {speed, rPois rC- rN+
                  | Int+3}
 15909 | D:12     | Reached ****** piety under Dithmenos
 16074 | D:12     | Noticed Sonja
 16108 | D:12     | Killed Sonja
 16682 | D:12     | Identified the -2 pair of boots of Valour {Harm Will-
                  | Str+5}
 16908 | D:12     | Reached skill level 17 in Stealth
 17871 | D:14     | Found Metuux's Antique Weapon Boutique.
 17903 | D:14     | Found a frozen archway.
 17911 | IceCv    | Entered an ice cave
 18148 | IceCv    | Reached skill level 18 in Stealth
 18388 | IceCv    | Noticed an azure jelly
 18389 | IceCv    | Noticed a rockslime
 18389 | IceCv    | Noticed an azure jelly
 18389 | IceCv    | Found a viscous altar of Jiyva.
 18390 | IceCv    | Killed an azure jelly
 18391 | IceCv    | Noticed an azure jelly
 18393 | IceCv    | Killed an azure jelly
 18395 | IceCv    | Killed an azure jelly
 18396 | IceCv    | Reached skill level 10 in Fighting
 18400 | IceCv    | Killed a rockslime
 18407 | IceCv    | Got Namurgh's Vellum of the Iceberg
 18411 | IceCv    | Learned a level 2 spell: Ensorcelled Hibernation
 18412 | IceCv    | Identified the +1 leather armour of the Komodo Dragon {rC+
                  | rCorr Str-2}
 18657 | D:14     | Reached skill level 5 in Spellcasting
 18732 | D:14     | Noticed a fire giant
 18850 | D:14     | Identified the ring of Xiyciam {Fly rF+ Slay+2 SInv Stlth+}
 18889 | D:14     | Found a gate to the Vaults.
 19003 | D:14     | Killed a fire giant
 19070 | D:14     | Gained mutation: You are completely covered in sharp
                  | spines. [demonic ancestry]
 19070 | D:14     | Reached XP level 16. HP: 86/122 MP: 25/25
 19574 | D:15     | Entered Level 15 of the Dungeon
 20138 | D:15     | Acquired 887 gold pieces
 20228 | D:15     | Found a staircase to the Depths.
 20663 | Orc:1    | Entered Level 1 of the Orcish Mines
 20814 | Orc:1    | Noticed Gastronok
 20840 | Orc:1    | Killed Gastronok
 20981 | Orc:2    | Entered Level 2 of the Orcish Mines
 21532 | Orc:2    | Found a staircase to the Elven Halls.
 21683 | Orc:2    | Learned a level 3 spell: Confusing Touch
 21804 | Orc:2    | Found Xyboat's Distillery.
 21805 | Orc:2    | Found Qutenorch's Distillery.
 22058 | Orc:2    | Bought a potion of heal wounds for 70 gold pieces
 22516 | Orc:2    | Found Zutu's Book Shoppe.
 22516 | Orc:2    | Found a one-way gate leading to the halls of Pandemonium.
 22516 | Orc:2    | Found Fazeq's Antique Armour Emporium.
 22532 | Orc:2    | Reached skill level 10 in Hexes
 22540 | Orc:2    | Bought a faintly humming leather armour for 147 gold pieces
 22540 | Orc:2    | Identified the +3 leather armour of Cowardice {Int+6} (You
                  | bought it in a shop on level 2 of the Orcish Mines)
 23179 | Snake:1  | Entered Level 1 of the Snake Pit
 23247 | Snake:1  | Found Dala's Armour Boutique.
 23248 | Snake:1  | Found Umerus's General Store.
 23260 | Snake:1  | Found Ubuotsob's Armour Shoppe.
 23268 | Snake:1  | Bought a +1 pair of boots of flying for 280 gold pieces
 23286 | Snake:1  | Bought the +2 pair of slick slippers {slick, slippery,
                  | EV+5} for 637 gold pieces
 23286 | Snake:1  | Found the +2 pair of slick slippers {slick, slippery, EV+5}
 23517 | Snake:1  | Found Efrautz's Magic Scroll Emporium.
 23525 | Snake:1  | Bought a scroll of teleportation for 39 gold pieces
 23525 | Snake:1  | Bought a scroll of teleportation for 39 gold pieces
 23668 | Snake:1  | Bought a scroll of brand weapon for 123 gold pieces
 23668 | Snake:1  | Bought a scroll of enchant weapon for 97 gold pieces
 23680 | Snake:1  | Found Zus Ikk's Antique Armour Boutique.
 23704 | Snake:1  | Bought a pair of embroidered boots for 270 gold pieces
 23762 | Snake:1  | Found Ygrucef's Weapon Emporium.
 23846 | Snake:1  | Found Wooro's Weapon Boutique.
 24010 | Snake:1  | Found Joleolaa's Jewellery Boutique.
 24023 | Snake:1  | Reached skill level 10 in Spellcasting
 24524 | Snake:2  | Gained mutation: Spells you cast may paralyse adjacent
                  | enemies. [demonic ancestry]
 24524 | Snake:2  | Reached XP level 17. HP: 128/128 MP: 31/31
 25923 | Snake:3  | Noticed Agnes
 25935 | Snake:3  | Killed Agnes
 26597 | Snake:3  | Noticed Vashnia
 26599 | Snake:3  | Killed Vashnia
 26889 | Snake:3  | Learned a level 1 spell: Apportation
 26911 | Snake:4  | Entered Level 4 of the Snake Pit
 27259 | Snake:4  | Found Fomaqimie's Distillery.
 27267 | Snake:4  | Bought a potion of haste for 180 gold pieces
 27267 | Snake:4  | Bought a potion of haste for 180 gold pieces
 27267 | Snake:4  | Bought a potion of heal wounds for 90 gold pieces
 28430 | Snake:4  | Gained mutation: You are completely covered in large bone
                  | plates. (SH +8) [demonic ancestry]
 28430 | Snake:4  | Reached XP level 18. HP: 125/135 MP: 26/32
 28505 | Snake:4  | Reached skill level 15 in Dodging
 29044 | Snake:4  | Got a serpentine rune of Zot
 29227 | Snake:4  | Learned a level 4 spell: Cause Fear
 29379 | Swamp:1  | Entered Level 1 of the Swamp
 30088 | Swamp:1  | Reached skill level 10 in Invocations
 30737 | Swamp:1  | Upgraded the game from 0.30-a0-737-gf23d94013f to
                  | 0.30-a0-738-g116ff8c4af
 30860 | Swamp:2  | Acquired the +3 pair of mountain boots {steadfast, rC+}
 30860 | Swamp:2  | Found the +3 pair of mountain boots {steadfast, rC+}
 31821 | Vaults:1 | Entered Level 1 of the Vaults
 31847 | Vaults:1 | Got the Writings on the Ghoulish Crater
 32411 | Vaults:1 | Learned a level 2 spell: Passwall
 33428 | Vaults:2 | Reached XP level 19. HP: 145/145 MP: 32/34
 34169 | Vaults:2 | Reached skill level 1 in Translocations
 34439 | Vaults:2 | Noticed Frederick
 34441 | Vaults:2 | Killed Frederick
 35622 | Vaults:3 | Learned a level 2 spell: Blink
 36457 | Vaults:3 | Reached skill level 5 in Translocations
 37150 | Vaults:3 | Found a staircase to the Crypt.
 37190 | Vaults:3 | Reached XP level 20. HP: 109/153 MP: 37/37
 37439 | Vaults:3 | Found a runed translucent gate.
 37439 | Vaults:3 | Found a runed translucent gate.
 37439 | Vaults:3 | Found a runed translucent gate.
 37442 | Vaults:3 | Noticed caveywoolpert's ghost (adept DsEE)
 37711 | Vaults:3 | Killed caveywoolpert's ghost
 38330 | Vaults:4 | Found a gateway to a bazaar.
 38701 | Vaults:4 | Reached skill level 10 in Short Blades
 39130 | Abyss:2  | Found a corrupted altar of Lugonu.
 39130 | Abyss:2  | Cast into level 2 of the Abyss (a wizard)
 39165 | Abyss:2  | Found a corrupted altar of Lugonu.
 39380 | Abyss:3  | Found a corrupted altar of Lugonu.
 39691 | Vaults:4 | Escaped the Abyss
 39957 | Bazaar   | Entered a bazaar
 39957 | Bazaar   | Found Tusm's Distillery.
 39957 | Bazaar   | Found Qulubb's Antique Weapon Shop.
 40054 | Bazaar   | Bought 2 potions of curing for 60 gold pieces
 40054 | Bazaar   | Bought a potion of brilliance for 40 gold pieces
 40060 | Bazaar   | Found Icsef's Antique Armour Shop.
 40325 | Depths:1 | Entered Level 1 of the Depths
 40328 | Depths:1 | Found the +3 crown of Dyrovepreva {rElec Int+2 SInv}
 40355 | Depths:1 | Found Tuma's Assorted Antiques.
 40460 | Depths:1 | Bought a scroll of teleportation for 87 gold pieces
 40460 | Depths:1 | Bought a scroll of teleportation for 87 gold pieces
 40471 | Depths:1 | Found a hazy altar of Hepliaklqana.
 40515 | Depths:1 | Found a sacrificial altar of Ru.
 40519 | Depths:1 | Found a gateway to Hell.
 40603 | Depths:1 | Acquired 797 gold pieces
 40989 | Depths:2 | Identified the +0 robe of Qupataul {Int+3}
 41160 | Depths:2 | Found a one-way gateway to a ziggurat.
 41441 | Depths:3 | Reached skill level 19 in Stealth
 42752 | Depths:2 | Reached skill level 20 in Stealth
 42780 | Depths:2 | Reached XP level 21. HP: 159/159 MP: 36/38
 42788 | Depths:2 | Learned a level 7 spell: Enfeeble
 43242 | Depths:3 | Noticed Boris
 43766 | Depths:3 | Found a sacrificial altar of Ru.
 43827 | Depths:3 | Noticed Xtahua
 43832 | Depths:3 | Killed Xtahua
 43957 | Depths:3 | Noticed a golden dragon
 44218 | Depths:3 | Noticed the Enchantress
 44275 | Depths:2 | Killed the Enchantress
 45316 | Depths:3 | Noticed Margery
 45440 | Depths:3 | Reached skill level 10 in Evocations
 46743 | Depths:3 | Identified the ring of Xuryiso Ykhly {Ice Int+3 Dex-3}
 46743 | Depths:3 | Noticed Josephina
 47155 | Depths:2 | Killed a golden dragon
 47489 | Depths:3 | Found a shadowy altar of Dithmenos.
 47531 | Depths:3 | Found a one-way gate to the infinite horrors of the Abyss.
 47531 | Depths:3 | Found a blossoming altar of Fedhas.
 47534 | Depths:3 | Found a broken altar of Ashenzari.
 48918 | Swamp:4  | Entered Level 4 of the Swamp
 49952 | Swamp:4  | Gained mutation: You are resistant to unholy torment.
                  | [demonic ancestry]
 49952 | Swamp:4  | Reached XP level 22. HP: 157/172 MP: 40/40
 50218 | Swamp:4  | Got the Guide on Electricity
 50316 | Swamp:4  | Got a decaying rune of Zot
 50861 | Elf:1    | Entered Level 1 of the Elven Halls
 50951 | Elf:1    | Reached skill level 15 in Fighting
 50973 | Elf:1    | Got the Catalogue of Kinetic Energy
 51024 | Elf:1    | Identified the +0 rapier of Reakk {protect, rC++ Dex+3
                  | Stlth+}
 51040 | Elf:1    | Noticed Donald
 51059 | Elf:1    | Killed Donald
 53168 | Elf:2    | Noticed Louise
 53176 | Elf:2    | Killed Louise
 53246 | Elf:2    | Found a runed translucent gate.
 53246 | Elf:2    | Found a runed translucent gate.
 53246 | Elf:2    | Found a runed translucent gate.
 53263 | Elf:2    | Noticed Zenata
 53266 | Elf:2    | Killed Zenata
 53480 | Elf:3    | Entered Level 3 of the Elven Halls
 53579 | Elf:3    | Found Kaonkysu's Jewellery Boutique.
 53652 | Elf:3    | Noticed Aizul
 53659 | Elf:3    | Killed Aizul
 54594 | Elf:3    | Reached skill level 15 in Hexes
 54768 | Elf:3    | Identified the +6 mace "Fezuinuc" {protect, Drain Str+5
                  | Dex+2}
 54953 | Elf:3    | Identified the ring of Worim {rN+ Int-4 Dex+6 SInv}
 55523 | Elf:3    | Identified the +0 robe of Hospitality {Rampage rPois Int-4
                  | SInv}
 56216 | Elf:3    | Gained mutation: Spells you cast may paralyse nearby
                  | enemies. [demonic ancestry]
 56216 | Elf:3    | Reached XP level 23. HP: 184/184 MP: 41/41
 56287 | Elf:3    | Got Eringya's Folio of Nausea and Changes
 56838 | Depths:3 | Killed Boris
 57158 | Depths:3 | Noticed a caustic shrike
 57159 | Depths:3 | a caustic shrike changed into an acid blob
 57264 | Depths:3 | Killed Margery
 57455 | Depths:3 | Killed Josephina
 57841 | Depths:3 | Noticed Saint Roka
 58591 | Depths:3 | Killed Saint Roka
 58820 | Depths:4 | Entered Level 4 of the Depths
 58832 | Depths:4 | Paralysed by a floating eye for 3 turns
 58890 | Depths:4 | Found a bloodstained altar of Trog.
 59185 | Depths:4 | Noticed a caustic shrike
 59274 | Depths:4 | Noticed a caustic shrike
 59278 | Depths:4 | Found a runed translucent door.
 59325 | Depths:4 | Noticed a caustic shrike
 59326 | Depths:4 | Noticed a caustic shrike
 59345 | Depths:4 | Killed a caustic shrike
 59354 | Depths:4 | Killed a caustic shrike
 59358 | Depths:4 | Killed a caustic shrike
 59361 | Depths:4 | Killed a caustic shrike
 59987 | Depths:4 | Found a gate to the Realm of Zot.
 61786 | Crypt:1  | Entered Level 1 of the Crypt
 61786 | Crypt:1  | Noticed Sojobo
 61788 | Crypt:1  | Killed Sojobo
 62617 | Crypt:1  | Gained mutation: Spells you cast and wands you use may
                  | paralyse nearby enemies. [demonic ancestry]
 62617 | Crypt:1  | Reached XP level 24. HP: 191/191 MP: 41/41
 63463 | Crypt:1  | Acquired the Precepts of Cursed Concussion
 63476 | Crypt:1  | Learned a level 5 spell: Yara's Violent Unravelling
 64161 | Crypt:3  | Entered Level 3 of the Crypt
 64238 | Crypt:3  | Acquired the ring "Xyxalam" {Contam rN+ Int+4 Dex+3 Slay+4}
 64245 | Crypt:3  | Acquired the +9 rapier "Oschyisie" {spect, Drain rC+++
                  | Dex+4}
 64250 | Crypt:3  | Acquired a +0 quick blade of draining
 65590 | Crypt:3  | Noticed a royal mummy
 66016 | Crypt:2  | Reached skill level 21 in Stealth
 68120 | Crypt:2  | Killed a royal mummy
 68948 | Crypt:3  | Found a staircase to the Tomb.
 69195 | Crypt:3  | Identified the +12 hand axe "Maoluhann" {elec, Str+3}
 69197 | Crypt:3  | Identified the ring of Padait {rC+ Str+7 Int+3}
 69208 | Crypt:3  | Learned a level 8 spell: Discord
 69608 | Slime:1  | Entered Level 1 of the Pits of Slime
 70274 | Slime:2  | Reached skill level 15 in Spellcasting
 71137 | Slime:3  | Reached XP level 25. HP: 201/201 MP: 42/42
 71410 | Slime:4  | Gained mutation: You occasionally lose the ability to drink
                  | potions when taking damage. [a shining eye]
 71423 | Slime:4  | Gained mutation: You sometimes lose your temper in combat.
                  | [a shining eye]
 71439 | Slime:4  | Gained mutation: Your body sometimes deteriorates upon
                  | taking damage. [a shining eye]
 71513 | Slime:4  | Gained mutation: Your body often deteriorates upon taking
                  | damage. [a shining eye]
 71946 | Slime:5  | Entered Level 5 of the Pits of Slime
 72519 | Slime:5  | Found a viscous altar of Jiyva.
 72520 | Slime:5  | Noticed the Royal Jelly
 73550 | Slime:5  | Killed the Royal Jelly
 73898 | Slime:5  | Got the Guide on Weather and the Mantle
 73906 | Slime:5  | Identified the +4 great sword "Medaemum" {freeze, rN+ MP+9}
 73908 | Slime:5  | Identified the amulet of Xuatsuis {-Tele Regen+ Str+6 Int+4
                  | Slay+2}
 73931 | Slime:5  | Identified the +4 scimitar of Bodily Humours {heavy, rC+}
 73934 | Slime:5  | Identified the +5 great sword of Dishonour {freeze, Str+5}
 73944 | Slime:5  | Got a slimy rune of Zot
 74958 | Vaults:5 | Entered Level 5 of the Vaults
 75051 | Vaults:5 | Noticed an ancient lich
 75064 | Vaults:5 | Killed an ancient lich
 75786 | Vaults:5 | Noticed a dread lich
 75792 | Vaults:5 | Killed a dread lich
 75843 | Vaults:5 | Reached XP level 26. HP: 190/208 MP: 43/43
 75847 | Vaults:5 | Identified the +1 ring mail of Unambiguity {rPois Str-2
                  | Int-2 SInv}
 75868 | Vaults:5 | Got a silver rune of Zot
 76275 | Vaults:5 | Got the Incunable of Cinders and the Hornet
 76286 | Vaults:5 | Got the Discursus on the Warped Welkin
 76422 | Vaults:5 | Identified the +2 pair of boots of Guollin {+Inv rPois rN+
                  | Int-3}
 76429 | Vaults:5 | Identified the +0 spear of Armageddon {heavy, Fly}
 76433 | Vaults:5 | Got the Textbook on the Blaze and the Icicle
 76940 | Vaults:5 | Identified the +8 whip "Gahai" {speed, rC+ Will+}
 77902 | Hell     | Entered the Vestibule of Hell
 77902 | Hell     | Noticed Geryon
 77913 | Hell     | Killed Geryon
 78123 | Hell     | Gained mutation: You can hurl damnation. [demonic ancestry]
 78123 | Hell     | Reached XP level 27. HP: 215/215 MP: 43/43
 78474 | Crypt:1  | Lost mutation: You occasionally lose the ability to drink
                  | potions when taking damage. [potion of mutation]
 78474 | Crypt:1  | Lost mutation: Your body often deteriorates upon taking
                  | damage. [potion of mutation]
 78474 | Crypt:1  | Lost mutation: Your body sometimes deteriorates upon taking
                  | damage. [potion of mutation]
 78474 | Crypt:1  | Gained mutation: You occasionally shout uncontrollably at
                  | your foes. [potion of mutation]
 78474 | Crypt:1  | Gained mutation: Your muscles are strong. (Str +4, Int/Dex
                  | -1) [potion of mutation]
 78474 | Crypt:1  | Gained mutation: You expend magic power (3 MP) to
                  | strengthen your wands. [potion of mutation]
 78474 | Crypt:1  | Gained mutation: You are covered in fur. (AC +1) [potion of
                  | mutation]
 78869 | Snake:4  | Bought a potion of mutation for 144 gold pieces
 78869 | Snake:4  | Lost mutation: You sometimes lose your temper in combat.
                  | [potion of mutation]
 78869 | Snake:4  | Lost mutation: You occasionally shout uncontrollably at
                  | your foes. [potion of mutation]
 78869 | Snake:4  | Lost mutation: You are covered in fur. (AC +1) [potion of
                  | mutation]
 78869 | Snake:4  | Gained mutation: You are clumsy. (Dex -2) [potion of
                  | mutation]
 78869 | Snake:4  | Gained mutation: You are resistant to electric shocks.
                  | (rElec) [potion of mutation]
 79247 | Hell     | Reached skill level 15 in Evocations
 79444 | Hell     | Found a gateway to the ashen valley of Gehenna.
 79970 | Hell     | Slain by a reaper

Illustrated notes

Levels and vault maps discovered:
D:1:      tarquinn_simple_flora_water_f, layout_basic,
          chequers_ecumenical_altar_island, st_stairs_2
D:2:      layout_loops_corners
D:3:      layout_basic, uniq_ijyb
D:4:      layout_loops_ring, mainiacjoe_overflow_catwalk, serial_rivers,
          chequers_serial_rivers_micro_c, chequers_serial_rivers_micro_b,
          chequers_serial_rivers_micro_d, chequers_serial_rivers_small_3
D:5:      layout_cave_pools, minmay_temple_entry_water_ring
D:6:      layout_basic, portal_sewer_entry_e, nicolae_shop_gadgets
D:7:      layout_rooms, dk_noncrumbling_2, minmay_shop_grid_forest
D:8:      minmay_cornered_nines, layout_rooms, zin_treasury,
          nicolae_specific_store
D:9:      layout_roguey, chequers_serial_rivers_room_b
D:10:     layout_gridville, lair_entry_dummy, serial_shops,
          nicolae_shop_hallway_stairs, st_stairs_13, uniq_psyche
D:11:     layout_roguey, david_orc_2, serial_shops, nicolae_shop_trees,
          nicolae_shop_hallway_stairs, lightli_airlock
D:12:     layout_cross, serial_park_tiny_2, uniq_sonja
D:13:     layout_basic
D:14:     layout_rooms, david_vaults_2, roderic_roman_lattice,
          portal_ice_cave_entry_ice_statue_one, serial_shops,
          nicolae_stop_n_shop_1, minmay_evil_grid
D:15:     grunt_enter_depths_hoard, layout_basic,
          nicolae_kite_square_tiling_tiny
Temple:   nicolae_temple_bog_church
Lair:1:   layout_regular_city, gauntlet_entry_generic, patterned_corridor
Lair:2:   statuecave_lemuel, layout_cave_pods, guppyfry_snake_entry_garden,
          serial_bayou_shore_b, grunt_megastairs_5
Lair:3:   layout_regular_city, skrybe_swamp_entry_bodies, uniq_nessos,
          uniq_rupert
Lair:4:   layout_cave_pods, slime_entry_1, grunt_forest_small_clearing_treed
Lair:5:   minmay_lair_end_frog_pond, layout_regular_city, serial_bayou_shore_b
Swamp:1:  layout_basic_swamp, nicolae_swamp_well_well_well, swamp_pool4,
          nicolae_swamp_wisp_ring_woods, infiniplex_staircase_pool
Swamp:2:  layout_basic_swamp, nicolae_swamp_oxbows
Swamp:3:  layout_basic_swamp, evilmike_swamp_ruin_rubble_1
Swamp:4:  swamp_alternative, layout_basic_swamp
Snake:1:  layout_chambers, serial_shops, shop, nicolae_shop_window_shopping,
          shop_coins, nicolae_shop_behind_doors, shop, nicolae_wooded_promenade
Snake:2:  nicolae_snake_nest, layout_honeycomb
Snake:3:  layout_grid_maze, nrook_guardian_serpent_ordinary, uniq_vashnia,
          uniq_agnes
Snake:4:  snake_pit, layout_cave_town, serial_shops, nicolae_shop_stone
Slime:1:  layout_caves
Slime:2:  layout_caves, nicolae_slime_rock_hall_of_fame
Slime:3:  layout_caves
Slime:4:  layout_caves, cheibrodos_slime_lost_civilization_4
Slime:5
Orc:1:    layout_diamond_mine, basic_altar, uniq_gastronok
Orc:2:    pf_orc_diabolical, layout_diamond_mine, mines5_lemuel
Elf:1:    minmay_elf_arrival_plus, layout_loops_corners,
          minmay_elf_annihilation, uniq_donald
Elf:2:    nicolae_elf_blades_splatter_lattice [grunt_blade_entry_basic],
          layout_geoelf_diagonals, special_room [special_room_mythical_zoo],
          nicolae_elf_variegated_diamond, uniq_louise, uniq_zenata
Elf:3:    minmay_elf_hall_x, layout_onion_city, serial_shops, shop, uniq_aizul
Vaults:1: vaults_room_octagon, nicolae_vaults_three_branches,
          nicolae_vaults_network_square, nicolae_vaults_border_crossing,
          vaults_mumra_hexcomb, nicolae_vaults_rhombus_5, v_misc_5,
          ontoclasm_vaults_pinch, v_alt_pattern_1, ontoclasm_vaults_idyll,
          layout_vaults_omnicross
Vaults:2: v_misc_30, nicolae_vaults_twisting_passages, ontoclasm_vaults_spin,
          ontoclasm_vaults_shout, v_misc_26, v_misc_26, hangedman_vaults_trim,
          ontoclasm_vaults_shuriken, ontoclasm_vaults_loading_screen,
          vaults_room_pools, layout_vaults_chaotic_city, uniq_frederick
Vaults:3: gammafunk_ghost_spectres, minmay_crypt_entry_simple_box,
          nicolae_vaults_fighting_squares,
          nicolae_vaults_windows_and_doors_thing,
          nicolae_vaults_network_periphery, vaults_mumra_chevron, v_misc_29,
          nicolae_vaults_little_squares_6, vaults_room_semicircle,
          nicolae_vaults_alarming, nicolae_vaults_sealed_display,
          vaults_room_stairs_pillars, nicolae_vaults_little_squares_1,
          v_misc_33, vaults_room_semicircle, v_misc_23,
          layout_vaults_maze_snakey
Vaults:4: vaults_room_pools, v_alt_pattern_1, nicolae_vaults_puzzle_piece,
          v_misc_2, v_alt_pattern_2, hangedman_vaults_slice, v_misc_28,
          hangedman_vaults_capsules, nicolae_vaults_rhombus_6,
          layout_vaults_omnigrid, serial_shops, freezing_bzr
Vaults:5: serial_shops
Crypt:1:  layout_regular_city, nicolae_crypt_small_crypt, eino_tiny_chamber,
          grunt_megastairs_1, uniq_sojobo
Crypt:2:  layout_catacombs
Crypt:3:  due_elkab, layout_chaotic_city, tomb_entry_shell_bobbens, st_stairs_2,
          hex_tiny, columned_hall_lemuel, minivault_19
Depths:1: layout_cave_pools, serial_shops, nicolae_lakefront_shop,
          nicolae_ru_sacrificial_ziggurat, hell_entry, serial_bayou_pond_e,
          nrook_campfire, nicolae_hepliaklqana_hazy_memory
Depths:2: minmay_tri_stars, layout_cave_pools, enter_ziggurat_a, hell_entry,
          grunt_pan_entry_sceptre, infiniplex_staircase_pillars_3a
Depths:3: grunt_profane_halls [grunt_profane_temple_tar,
          grunt_profane_temple_coc, grunt_profane_temple_dis,
          grunt_profane_temple_geh, grunt_profane_loot], hell_entry, pan_entry,
          abyss_entry, uniq_boris, uniq_enchantress, uniq_saint_roka,
          uniq_margery, uniq_josephina, uniq_xtahua
Depths:4: evilmike_zot_entry_round, layout_cave_pools, abyss_entry_glasseish,
          trog_three_pillars_becter, hell_entry, lightli_gold_pyramid
Hell

Skill      XL: |  1  2  3  4  5  6  7  8  9 10 11 12 13 14 15 16 17 18 19 20 21 22 23 24 25 26 27 |
---------------+----------------------------------------------------------------------------------+-----
Stealth        | 5 6 9 12 15 16 18 20 21 | 21.0
Short Blades   | 2 4 6 9 11 13 | 13.3
Dodging        | 2 4 5 7 9 12 14 15 16 18 20 | 20.3
Evocations     | 3 4 7 9 12 13 14 16 | 16.0
Fighting       | 6 8 10 11 12 14 16 17 | 17.6
Invocations    | 4 5 6 10 14 | 14.6
Spellcasting   | 4 6 10 11 13 14 15 16 | 16.1
Hexes          | 5 6 11 13 14 16 20 | 20.2
Translocations | 5 |  5.7

Action                     |  1- 3 |  4- 6 |  7- 9 | 10-12 | 13-15 | 16-18 | 19-21 | 22-24 | 25-27 || total
---------------------------+-------+-------+-------+-------+-------+-------+-------+-------+-------++-------
  Melee: Short sword       |   125 |    91 |   132 |       |       |       |       |       |       ||   348
         Punch             |     2 |     2 |     3 |     8 |    30 |    22 |    29 |    29 |    19 ||   144
         Touch             |       |    16 |    42 |    31 |   355 |   228 |   322 |   276 |   143 ||  1413
         Dagger            |       |       |    75 |   135 |  1276 |  1152 |  1416 |  1149 |       ||  5203
         Pair of quick bla |       |       |       |       |       |       |       |  1066 |       ||  1066
         Rapier            |       |       |       |       |       |       |       |   118 |   610 ||   728
  Throw: Dart              |       |     2 |       |     4 |       |     2 |       |     1 |       ||     9
   Cast: Ensorcelled Hiber |       |       |       |       |     3 |   187 |   252 |   150 |    36 ||   628
         Confusing Touch   |       |       |       |       |       |     5 |   105 |    85 |    16 ||   211
         Blink             |       |       |       |       |       |       |     3 |     6 |     9 ||    18
         Cause Fear        |       |       |       |       |       |       |     1 |       |     1 ||     2
         Discord           |       |       |       |       |       |       |       |       |     5 ||     5
         Enfeeble          |       |       |       |       |       |       |       |       |     1 ||     1
 Invoke: Shadow Step       |       |       |       |       |     2 |     4 |     4 |     4 |     1 ||    15
         Shadow Form       |       |       |       |       |       |       |     1 |       |       ||     1
  Evoke: Wand              |       |     4 |     1 |     4 |    10 |     2 |     2 |     6 |     6 ||    35
         Phantom mirror    |       |       |       |       |     1 |       |       |       |     2 ||     3
         Box of beasts     |       |       |       |       |       |       |     1 |       |       ||     1
    Use: Scroll            |       |       |     1 |    14 |    17 |     7 |    16 |    13 |    16 ||    84
         Potion            |       |       |       |     2 |     3 |     1 |    15 |     6 |    12 ||    39
   Stab: Sleeping          |     7 |     4 |    15 |    12 |    99 |   247 |   242 |   235 |    43 ||   904
         Distracted        |     1 |       |       |     1 |     6 |    17 |    15 |    36 |    42 ||   118
         Petrifying        |       |       |       |       |     1 |       |       |       |       ||     1
         Invisible         |       |       |       |       |     3 |       |       |       |       ||     3
         Paralysed         |       |       |       |       |       |    26 |    44 |    30 |     6 ||   106
         Confused          |       |       |       |       |       |     3 |    70 |    74 |    17 ||   164
 Armour: Leather armour    |    26 |    17 |    43 |     8 |    77 |    59 |    73 |    95 |    34 ||   432
  Dodge: Dodged            |    51 |    38 |   129 |    60 |   743 |   709 |   906 |  1177 |   610 ||  4423
  Block: Other             |    11 |    18 |    52 |    26 |   182 |   217 |   279 |   354 |   146 ||  1285

Table legend: (Time is in decaauts)
 A = Elapsed time spent in this place.
 B = Non-inter-level travel time spent in this place.
 C = Inter-level travel time spent in this place.
 D = Time resting spent in this place.
 E = Time spent auto-exploring this place.
 F = Levels seen in this place.
 G = Mean time per level.
                   A        B        C        D        E       F      G
               +--------+--------+--------+--------+--------+-----+--------+
         Total |  77111 |  70221 |   6890 |  20792 |  29668 |  59 | 1307.0 |
       Dungeon |  14314 |  12077 |   2237 |   1711 |   7319 |  15 |  954.3 |
        Temple |    319 |    294 |     25 |      0 |    159 |   1 |  319.0 |
          Lair |   6378 |   5525 |    853 |    682 |   3399 |   5 | 1275.6 |
         Swamp |   5297 |   4945 |    352 |   2009 |   1545 |   4 | 1324.2 |
     Snake Pit |   6176 |   5702 |    474 |   1383 |   2880 |   4 | 1544.0 |
    Slime Pits |   4353 |   4016 |    337 |   1345 |   1627 |   5 |  870.6 |
  Orcish Mines |   2436 |   2186 |    250 |    507 |   1020 |   2 | 1218.0 |
   Elven Halls |   5315 |   5117 |    198 |   1689 |   1977 |   3 | 1771.7 |
        Vaults |  10693 |   9745 |    948 |   3122 |   4267 |   5 | 2138.6 |
         Crypt |   6971 |   6632 |    339 |   2740 |   2220 |   3 | 2323.7 |
        Depths |  12410 |  11539 |    871 |   5218 |   2744 |   4 | 3102.5 |
          Hell |    527 |    526 |      1 |    133 |     48 |   1 |  527.0 |
         Abyss |    543 |    543 |      0 |     73 |      0 |   3 |  181.0 |
        Bazaar |    140 |    140 |      0 |      0 |    135 |   1 |  140.0 |
         Sewer |    295 |    295 |      0 |      0 |    177 |   1 |  295.0 |
      Ice Cave |    542 |    542 |      0 |     37 |    138 |   1 |  542.0 |
      Gauntlet |    394 |    394 |      0 |    139 |     11 |   1 |  394.0 |
               +--------+--------+--------+--------+--------+-----+--------+

Top non-repeatable levels by time:
Depths:3: 5852 daAuts
Depths:2: 3551 daAuts
 Crypt:3: 2878 daAuts
Vaults:3: 2860 daAuts
   Elf:3: 2793 daAuts
 Snake:4: 2387 daAuts
 Crypt:2: 2373 daAuts
Vaults:5: 2354 daAuts
Vaults:2: 2162 daAuts
   Orc:2: 1874 daAuts
 Swamp:3: 1802 daAuts
Depths:4: 1769 daAuts
    D:15: 1745 daAuts
 Crypt:1: 1719 daAuts
Vaults:1: 1694 daAuts
